 Dungeon Crawl Stone Soup version 0.29-a0-275-g389c0b56f3 (webtiles) character file.

Game seed: 8891172109470158843

2059 Leszczynek the Cleaver (level 9, -5/71 HPs)
             Began as a Human Gladiator on Mar 11, 2022.
             Was an Initiate of Gozag.
             Slain by an orc warrior
             ... wielding a +0 hand axe
              (10 damage)
             ... on level 8 of the Dungeon.
             The game lasted 00:20:38 (2944 turns).

Leszczynek the Cleaver (Human Gladiator)            Turns: 2944, Time: 00:20:38

Health: -5/71      AC:  8    Str: 20    XL:     9   Next: 49%
Magic:  9/9        EV: 14    Int:  8    God:    Gozag
Gold:   216        SH:  0    Dex: 20    Spells: 8/8 levels left

rFire   . . .      SeeInvis .   a - +5 battleaxe (elec)
rCold   . . .      Faith    .   (shield currently unavailable)
rNeg    . . .      Spirit   .   r - +0 leather armour
rPois   .          Reflect  .   c - +0 helmet
rElec   .          Harm     .   (no cloak)
rCorr   .          Rampage  .   (no gloves)
Will    .....                   (no boots)
Stlth   +.........              (no amulet)
HPRegen 0.21/turn               g - +6 ring of dexterity
MPRegen 0.11/turn               h - +4 ring of protection

@: no status effects
A: no striking features
a: Renounce Religion, Potion Petition, Call Merchant, Bribe Branch


You were on level 8 of the Dungeon.
You worshipped Gozag.
Gozag was aware of your devotion.
You visited 1 branch of the dungeon, and saw 11 of its levels.

You collected 529 gold pieces.
You spent 313 gold pieces at shops.

Inventory:

Hand Weapons
 a - a +5 battleaxe of electrocution (weapon)
 b - a +0 shortbow
 l - a +4 long sword
 v - a +1 war axe
Missiles
 n - 8 poisoned darts (quivered)
Armour
 c - a +0 helmet (worn)
 j - a +0 ring mail
 r - a +0 leather armour (worn)
 t - a +2 kite shield
Jewellery
 g - a +6 ring of dexterity (left hand)
 h - a +4 ring of protection (right hand)
 i - a ring of poison resistance
 u - a ring of willpower
 w - a ring of willpower
Scrolls
 d - a scroll of summoning
 f - 2 scrolls of teleportation
 o - a scroll of blinking
 q - a scroll of silence {!r}
Potions
 k - a potion of resistance
 m - 2 potions of curing {@q1}
 p - a potion of haste {unknown}
 s - a potion of flight
 x - a potion of attraction {unknown}


   Skills:
 + Level 6.4 Fighting
 * Level 10.1 Axes
 - Level 2.0 Throwing
 - Level 4.3 Dodging


You had 8 spell levels left.
You didn't know any spells.
Your spell library contained the following spells:

 Spells                   Type           Power      Damage    Failure   Level
 Summon Small Mammal      Summ           0%         N/A       45%         1
 Call Canine Familiar     Summ           0%         N/A       83%         3
 Dazzling Flash           Conj/Hex       0%         N/A       83%         3
 Summon Guardian Golem    Hex/Summ       0%         N/A       83%         3
 Iskenderun's Mystic Bla  Conj/Tloc      0%         2d3       99%         4
 Leda's Liquefaction      Hex/Erth       0%         N/A       99%         4
 Summon Lightning Spire   Summ/Air       0%         N/A       99%         4
 Lee's Rapid Deconstruct  Erth           0%         3d5*      100%        5
 Starburst                Conj/Fire      0%         6d3       100%        6
 Statue Form              Tmut/Erth      0%         N/A       100%        6
 Storm Form               Tmut/Air       0%         N/A       100%        7
 Maxwell's Capacitive Co  Air            0%         ∞         100%        8


Dungeon Overview and Level Annotations

Branches:
Dungeon (11/15)
 Temple: D:4-7         Lair: D:8-11         Orc: D:9-12

Altars:
Elyvilon
Gozag
Nemelex Xobeh
Trog
The Shining One

Shops:
D:9 (

Annotations:
D:4 Edmund
D:5 1 runed translucent door, anonymous's ghost, novice TeAE
D:9 lair (surrounded by eels)
D:11 Fannar


Message History

You swing at nothing.
You swing at nothing.
You swing at nothing.
You swing at nothing.
You swing at nothing.
You swing at nothing.
You swing at nothing.
You swing at nothing.
You swing at nothing.
You swing at nothing.
You swing at nothing.
You swing at nothing.
You swing at nothing.
You swing at nothing.
You swing at nothing.
You swing at nothing.
You swing at nothing.
You hear the crackle of electricity.
a - a +5 battleaxe of electrocution (weapon)
There is a stone staircase leading up here.
You climb upwards.
The orc warrior completely misses you.
The orc warrior hits you with a +0 hand axe!
There is a stone staircase leading down, spattered with blood here.
You see here 6 gold pieces.
You hit the orc warrior.
The orc warrior is moderately wounded.
The orc warrior hits you but does no damage.
The orc priest calls down the wrath of Beogh upon you.
Beogh smites you!
You slash the orc warrior!
The orc warrior is heavily wounded.
The orc priest invokes the aid of Beogh against you.
Beogh smites you!
The orc warrior hits you with a +0 hand axe!
* * * LOW HITPOINT WARNING * * *
You barely miss the orc warrior.
The orc warrior is heavily wounded.
The orc warrior hits you with a +0 hand axe!
You die...
Your body crumbles into a pile of gold.

##### $ #...#
#...# #...#
######...#######
(.....o.@o......
#####.....######
#[...## ......#
....<...#
##.##.... #.
##### #


You could see an orc warrior and an orc priest.

Vanquished Creatures
  2 trolls
  A wraith (D:10)
  An orc warrior (D:9)
  A sky beast (D:6)
  2 centaurs
  2 wolves (D:9)
  2 phantoms
  A bullfrog (D:8)
  A necrophage (D:7)
  4 wights
  A howler monkey (D:6)
  A jelly (D:6)
  2 orc priests
  3 hounds
  Jessica (D:3)
  Terence (D:3)
  4 orc wizards
  7 adders
  A shadow imp (D:6)
  A white imp (D:5)
  A dart slug (D:5)
  5 orcs
  3 ball pythons
  7 endoplasms
  9 goblins
  A hobgoblin (D:3)
  2 jackals (D:1)
  A quokka (D:2)
  3 bats
  A frilled lizard (D:1)
  5 kobolds
  6 rats
83 creatures vanquished.

Notes
Turn   | Place    | Note
-------+----------+-------------------------------------------
     0 | D:1      | Leszczynek the Human Gladiator began the quest for the Orb.
     0 | D:1      | Reached XP level 1. HP: 16/16 MP: 1/1
   106 | D:2      | Reached XP level 2. HP: 17/22 MP: 2/2
   247 | D:1      | Reached XP level 3. HP: 20/27 MP: 3/3
   284 | D:1      | Reached skill level 4 in Axes
   558 | D:3      | Noticed Jessica
   576 | D:3      | Killed Jessica
   577 | D:3      | Reached XP level 4. HP: 33/33 MP: 4/4
   642 | D:3      | Found an opulent altar of Gozag.
   667 | D:3      | Reached skill level 5 in Axes
   671 | D:3      | Noticed Terence
   703 | D:3      | Killed Terence
   704 | D:3      | Reached XP level 5. HP: 36/38 MP: 5/5
   777 | D:3      | Found a faded altar of an unknown god.
   787 | D:3      | Prayed at the altar of an unknown god.
   787 | D:3      | Became a worshipper of Gozag Ym Sagoz the Greedy
   788 | D:3      | okay
   929 | D:4      | Found a bloodstained altar of Trog.
   929 | D:4      | Found a glowing golden altar of the Shining One.
   945 | D:4      | Noticed Edmund
   954 | D:5      | Entered Level 5 of the Dungeon
   982 | D:5      | Found a runed translucent door.
   982 | D:5      | Noticed a bullfrog
   986 | D:5      | Noticed a phantom
   987 | D:5      | Noticed anonymous's ghost (novice TeAE)
  1007 | D:5      | Killed a phantom
  1008 | D:5      | Reached skill level 6 in Axes
  1008 | D:5      | Reached XP level 6. HP: 39/44 MP: 6/6
  1280 | D:6      | Found a sparkling altar of Nemelex Xobeh.
  1288 | D:6      | Reached skill level 3 in Fighting
  1297 | D:6      | Noticed a sky beast
  1316 | D:6      | Killed a sky beast
  1426 | D:6      | Reached skill level 4 in Fighting
  1426 | D:6      | Reached XP level 7. HP: 54/54 MP: 7/7
  1679 | D:7      | Reached skill level 7 in Axes
  1692 | D:7      | Reached skill level 4 in Dodging
  1692 | D:7      | Reached XP level 8. HP: 50/60 MP: 8/8
  1989 | D:9      | Found Ciwu's Antique Weapon Emporium.
  1992 | D:9      | Bought a glowing battleaxe for 313 gold pieces
  2066 | D:9      | Noticed an orange demon
  2123 | D:10     | Entered Level 10 of the Dungeon
  2123 | D:10     | Noticed a troll
  2180 | D:10     | Killed a troll
  2181 | D:10     | Reached skill level 5 in Fighting
  2181 | D:10     | Reached skill level 8 in Axes
  2190 | D:10     | Found a white marble altar of Elyvilon.
  2284 | D:11     | Noticed Fannar
  2411 | D:9      | Noticed a troll
  2528 | D:10     | Noticed a wraith
  2561 | D:10     | Killed a wraith
  2562 | D:10     | Reached skill level 9 in Axes
  2562 | D:10     | Reached XP level 9. HP: 27/68 MP: 9/9
  2661 | D:9      | Killed a troll
  2667 | D:9      | Reached skill level 6 in Fighting
  2794 | D:9      | Reached skill level 10 in Axes
  2943 | D:8      | HP: 5/71 [orc warrior/+0 hand axe (14)]
  2944 | D:8      | Slain by an orc warrior

Illustrated notes

##.###.###.>.###..(..#
#.## ##.###.## ##...##
#..###.## #.# ##.##
#.#.#.## #.# #.####
#.##..# #.# #....#
#.###.# #.# ######.#
#.# #.# ..# #..)...#
#.# #.# #.######
#.###.# #@### ...##.#
#.#.# ..†.<.# #..#
#####.# ...####
##.###.....> #.##
#...#...# #.## #
#.......# ...# #.
#.......# .#.....#
#.#####.....##
...###.# #........#.##


Turn 788 on D:3: okay

Levels and vault maps discovered:
D:1:      beargit_arrival_greenhouse, layout_basic, minmay_door_square,
          minmay_statues_item
D:2:      layout_loops_ring
D:3:      layout_loops_ring, grunt_gozag_statues, basic_ecumenical_altar,
          uniq_terence, uniq_jessica
D:4:      layout_basic, gammafunk_temple_overflow_wave, doesnt_xom_only_xom,
          grunt_temple_overflow_open, uniq_edmund, uniq_grinder
D:5:      layout_gridville, nicolae_uskayaw_suspiria, ebering_ghost_sewer_d
D:6:      layout_gridville, grunt_dithmenos_shadows,
          nemelex_xobeh_ov_fountains_minmay, minmay_temple_entry_junction_2,
          minivault_4
D:7:      layout_loops_ring, chequers_serial_rivers_micro_d,
          chequers_serial_rivers_room_a
D:8:      layout_rooms, nicolae_overflow_squiral
D:9:      layout_roguey, nicolae_wu_jian_immortal_techniques, erik_lair_island,
          david_orc_4, serial_shops, kennysheep_mini, serial_glass,
          glass_columns_c, glass_columns_c, kennysheep_cluttered_room,
          uniq_amaemon, uniq_erolcha
D:10:     layout_stronghold, lemuel_round_altar
D:11:     layout_gridville, serial_glass, glass_columns_b, glass_columns_a,
          feat_on_display, uniq_fannar

Skill      XL: |  1  2  3  4  5  6  7  8  9 |
---------------+----------------------------+-----
Axes           | 4 5 6 7 9 10 | 10.1
Fighting       | 4 5 6 |  6.4
Dodging        | 4 |  4.3
Throwing       | |  2.0

Action                   |  1- 3 |  4- 6 |  7- 9 || total
-------------------------+-------+-------+-------++-------
Melee: War axe           |    76 |    81 |    52 ||   209
       Punch             |     1 |     2 |       ||     3
       Battleaxe         |       |       |    58 ||    58
 Fire: Shortbow          |       |       |    10 ||    10
Throw: Throwing net      |     1 |     2 |       ||     3
       Javelin           |       |     1 |     1 ||     2
       Dart              |       |     2 |       ||     2
  Use: Potion            |       |     3 |       ||     3
       Scroll            |       |     4 |     6 ||    10
 Stab: Held in net/web   |     1 |     1 |       ||     2
       Sleeping          |     1 |     2 |     1 ||     4
       Distracted        |       |       |     3 ||     3
Armor: Leather armour    |    32 |    24 |    40 ||    96
Dodge: Dodged            |    56 |    53 |   103 ||   212

Table legend: (Time is in decaauts)
 A = Elapsed time spent in this place.
 B = Non-inter-level travel time spent in this place.
 C = Inter-level travel time spent in this place.
 D = Time resting spent in this place.
 E = Time spent auto-exploring this place.
 F = Levels seen in this place.
 G = Mean time per level.
                   A        B        C        D        E       F      G
               +--------+--------+--------+--------+--------+-----+--------+
         Total |   3137 |   3011 |    126 |     36 |      0 |  11 |  285.2 |
       Dungeon |   3137 |   3011 |    126 |     36 |      0 |  11 |  285.2 |
               +--------+--------+--------+--------+--------+-----+--------+

Top non-repeatable levels by time:
    D:10: 648 daAuts
     D:3: 506 daAuts
     D:9: 455 daAuts
     D:5: 358 daAuts
     D:6: 298 daAuts
     D:7: 254 daAuts
     D:4: 197 daAuts
     D:2: 190 daAuts
     D:1: 127 daAuts
     D:8: 99 daAuts
    D:11: 1 daAuts
